 Dungeon Crawl Stone Soup version 0.22-b1-26-g9dbaab1112 (webtiles) character file.

70 Kirk the Magician (level 4, 27/30 HPs)
             Began as a Demonspawn Wizard on Aug 9, 2018.
             Quit the game on level 2 of the Dungeon.
             The game lasted 00:04:01 (1564 turns).

Kirk the Magician (Demonspawn Wizard)               Turns: 1564, Time: 00:04:01

Health: 27/30      AC:  6    Str:  7    XL:     4   Next: 3%
Magic:  5/10       EV: 12    Int: 20    God:
Gold:   81         SH:  0    Dex: 12    Spells: 2/11 levels left

rFire    . . .     SeeInvis .   e - +0 whip
rCold    . . .     Gourm    .   (no shield)
rNeg     . . .     Faith    .   a - +0 robe
rPois    .         Spirit   .   l - +1 helmet
rElec    .         Reflect  .   (no cloak)
rCorr    .         Harm     .   (no gloves)
MR       .....                  (no boots)
Stlth    ++........             (no amulet)
HPRegen  0.10/turn              (no ring)
MPRegen  0.12/turn              (no ring)

@: mildly poisoned (27 -> 25)
A: hooves 1, yellow scales 1, spiny 1
a: no special abilities


You were on level 2 of the Dungeon.
You were not hungry.

You visited 1 branch of the dungeon, and saw 2 of its levels.

You collected 81 gold pieces.

Inventory:

Hand Weapons
 e - a +0 whip (weapon)
Armour
 a - a +0 robe (worn)
 b - a +0 hat
 l - a +1 helmet (worn)
Jewellery
 f - an uncursed ring of fire
Scrolls
 i - a scroll of blinking {unknown}
 j - 2 scrolls of remove curse {unknown}
 k - a scroll of fear {unknown}
Potions
 g - a potion of flight
 h - a potion of cancellation
 n - a potion of curing
Comestibles
 d - 4 rations


   Skills:
 + Level 0.6 Maces & Flails
 - Level 1.7 Dodging
 - Level 1.7 Stealth
 + Level 4.0 Spellcasting
 * Level 2.3 Conjurations
   Level 1.0 Summonings
 + Level 0.8 Translocations


You had 2 spell levels left.
You knew the following spells:

 Your Spells              Type           Power        Failure   Level  Hunger
a - Magic Dart            Conj           ##..         4%          1    None
b - Blink                 Tloc           N/A          14%         2    #......
c - Conjure Flame         Conj/Fire      #.......     24%         3    ###....
d - Mephitic Cloud        Conj/Pois/Air  #.......     28%         3    ###....

Your spell library contained the following spells:

 Spells                   Type           Power        Failure   Level  Hunger
 Slow                     Hex            #.......     19%         2    #......
 Call Imp                 Summ           #.......     13%         2    #......


Dungeon Overview and Level Annotations

Branches:
Dungeon (2/15)

Altars:


Innate Abilities, Weirdness & Mutations

You have large cloven feet.
You are partially covered in yellow scales. (AC +2)
You are partially covered in sharp spines.


Message History

Casting: Magic Dart (safe; 4% risk of failure)
Confirm with . or Enter, or press ? or * to list all spells.
Aiming: Magic Dart (safe; 4% risk of failure)
Press: ? - help, Shift-Dir - straight line, f/p - adder
Aim: an adder (severely wounded)
The magic dart hits the adder.
The adder is almost dead.
The adder closely misses you.
Casting: Magic Dart (safe; 4% risk of failure)
Confirm with . or Enter, or press ? or * to list all spells.
Aiming: Magic Dart (safe; 4% risk of failure)
Press: ? - help, Shift-Dir - straight line, f/p - adder
Aim: an adder (almost dead)
The magic dart hits the adder.
You kill the adder!
You have reached level 4!
You feel agile.
Your demonic ancestry asserts itself...
Sharp spines emerge from parts of your body.
You feel sick.
Are you sure you want to abandon this character and quit the game? (Confirm with "yes".)

.##...........###...
... ###......###..##
#..#?#...#####...#
##..##.##..###..##.#
.....#.#...#...# #.
#.#..##J##.[.## . #.
#...#.#...#
#.###S.##.###.#
#.@grJ...#.rr#..
#####w...#...#..#
##.!.#($(# .#
###.##### . #...
#####


You could see a worm, an ooze, an adder, a goblin and a rat.

Vanquished Creatures
  3 adders (D:2)
  A worm (D:2)
  A leopard gecko (D:1)
  4 giant cockroaches
  5 hobgoblins (D:1)
  4 kobolds (D:1)
  7 bats
  2 frilled lizards
  3 goblins
  11 rats
41 creatures vanquished.

Notes
Turn   | Place    | Note
-------+----------+-------------------------------------------
     0 | D:1      | Kirk the Demonspawn Wizard began the quest for the Orb.
     0 | D:1      | Reached XP level 1. HP: 13/13 MP: 4/4
   358 | D:1      | Gained mutation: You are partially covered in yellow scales. (AC +2) [demonic ancestry]
   358 | D:1      | Reached XP level 2. HP: 16/19 MP: 1/6
   871 | D:1      | Gained mutation: You have large cloven feet. [demonic ancestry]
   871 | D:1      | Reached XP level 3. HP: 19/24 MP: 4/8
   875 | D:1      | Learned a level 2 spell: Blink
   879 | D:1      | Learned a level 3 spell: Conjure Flame
   883 | D:1      | Learned a level 3 spell: Mephitic Cloud
  1534 | D:2      | Reached skill level 4 in Spellcasting
  1563 | D:2      | Gained mutation: You are partially covered in sharp spines. [demonic ancestry]
  1563 | D:2      | Reached XP level 4. HP: 28/30 MP: 5/10
  1564 | D:2      | Quit the game

Skill      XL: |  1  2  3 |
---------------+----------+-----
Conjurations   | 2 |  2.3
Spellcasting   | 4 |  4.0
Maces & Flails | |  0.6
Dodging        | |  1.7
Stealth        | |  1.7
Summonings     | |  1.0
Translocations | |  0.8

Action                   |  1- 3 |  4- 6 || total
-------------------------+-------+-------++-------
Melee: Whip              |    71 |       ||    71
       Kick              |     5 |       ||     5
 Cast: Magic Dart        |    79 |     1 ||    80
  Use: Scroll            |     3 |       ||     3
  Eat: Chunk             |     2 |       ||     2
Armor: Robe              |    35 |       ||    35
Dodge: Dodged            |    57 |       ||    57
